 Dungeon Crawl Stone Soup version 0.28.0-43-g3370ac3207 (webtiles) character file.

Game seed: 16095055791882444579

5 Revguard the Chopper (level 1, 0/16 HPs)
             Began as a Formicid Gladiator on Mar 25, 2022.
             Slain by a jackal (2 damage)
             ... on level 1 of the Dungeon.
             The game lasted 00:00:34 (215 turns).

Revguard the Chopper (Formicid Gladiator)            Turns: 215, Time: 00:00:35

Health: 0/16       AC:  3    Str: 18    XL:     1   Next: 88%
Magic:  1/1        EV: 12    Int:  7    God:
Gold:   9          SH:  0    Dex: 12    Spells: 0/0 levels left

rFire   . . .      SeeInvis +   a - +0 war axe
rCold   . . .      Faith    .   (no shield)
rNeg    . . .      Spirit   .   b - +0 leather armour
rPois   .          Reflect  .   (helmet unavailable)
rElec   .          Harm     .   (no cloak)
rCorr   .          Rampage  .   (no gloves)
Will    .....                   (no boots)
Stlth   +.........              (no amulet)
HPRegen 0.05/turn               (no ring)
MPRegen 0.07/turn               (no ring)

@: no status effects
A: permanent stasis, dig shafts and tunnels, antennae 3, four strong arms
a: Dig, Shaft Self


You were on level 1 of the Dungeon.
You visited 1 branch of the dungeon, and saw 1 of its levels.

You collected 9 gold pieces.

Inventory:

Hand Weapons
 a - a +0 war axe (weapon)
Missiles
 c - 3 throwing nets (quivered)
Armour
 b - a +0 leather armour (worn)


   Skills:
 + Level 2.3 Fighting
 * Level 3.1 Axes
 + Level 2.0 Throwing
 * Level 0.4 Armour
 + Level 2.7 Dodging


You couldn't memorise any spells.
You didn't know any spells.
Your spell library was empty.

Dungeon Overview and Level Annotations

Branches:
Dungeon (1/15)

Altars:


Innate Abilities, Weirdness & Mutations

You cannot be hasted, slowed, berserked, paralysed or teleported.
You can dig through walls and to a lower floor.
You have a pair of large antennae on your head. (SInv)
Your four strong arms can wield two-handed weapons with a shield.


Message History

The jackal closely misses you. x2
The jackal bites you. The jackal misses you. The jackal barely misses you.
The jackal bites you.
The jackal bites you but does no damage.
The jackal completely misses you. The jackal barely misses you.
The jackal closely misses you.
You barely miss the jackal.
The jackal is heavily wounded.
You hit the jackal. You closely miss the jackal. The jackal bites you.
The jackal closely misses you.
The jackal bites you but does no damage.
The jackal completely misses you. The jackal bites you.
The jackal closely misses you.
You closely miss the jackal.
The jackal is heavily wounded.
You hit the jackal. You closely miss the jackal. The jackal bites you.
* * * LOW HITPOINT WARNING * * *
The jackal misses you. The jackal barely misses you. The jackal bites you.
* * * LOW HITPOINT WARNING * * *
The jackal barely misses you. The jackal closely misses you.
You hit the jackal.
The jackal is severely wounded.
You hit the jackal but do no damage. You closely miss the jackal.
The jackal closely misses you. The jackal barely misses you.
The jackal closely misses you. The jackal misses you. The jackal bites you.
* * * LOW HITPOINT WARNING * * *
The jackal bites you but does no damage.
You barely miss the jackal.
The jackal is severely wounded.
You closely miss the jackal. x2; The jackal misses you.
The jackal completely misses you. The jackal bites you.
* * * LOW HITPOINT WARNING * * *
The jackal closely misses you. The jackal barely misses you.
The jackal completely misses you.
You slash the jackal!
You kill the jackal!
You slash the jackal!
You kill the jackal!
You barely miss the jackal. The jackal bites you.
You die...

#.#
###########.#
#...........#
#...........###
...............
#.....!.....#
#.......h...#
#......@†.?.#
#.......†...#
###########.#
#.# #.#.# #.#.#
#.#.# #.#.#
#.#.#


You could see a jackal.

Vanquished Creatures
  A goblin (D:1)
  3 jackals (D:1)
  A quokka (D:1)
  A ball python (D:1)
  A bat (D:1)
7 creatures vanquished.

Vanquished Creatures (others)
  6 plants (D:1)
6 creatures vanquished.

Grand Total: 13 creatures vanquished

Notes
Turn   | Place    | Note
-------+----------+-------------------------------------------
     0 | D:1      | Revguard the Formicid Gladiator began the quest for the
                  | Orb.
     0 | D:1      | Reached XP level 1. HP: 16/16 MP: 1/1
   215 | D:1      | Slain by a jackal

Illustrated notes

Levels and vault maps discovered:
D:1:      roderic_crop_circles_arrival_small, layout_basic

Action                   || total
-------------------------++-------
Melee: War axe           ||    19
       Punch             ||     1
Armor: Leather armour    ||     9
Dodge: Dodged            ||    35
